 Dungeon Crawl Stone Soup version 0.20-a0-791-gf6451d4 (webtiles) character file.

221 Amciq the Skirmisher (level 5, -6/48 HPs)
             Began as a Hill Orc Fighter on Mar 1, 2017.
             Killed by divine providence
             ... invoked by an orc priest
              (10 damage)
             ... on level 4 of the Dungeon.
             The game lasted 00:04:51 (2840 turns).

Amciq the Skirmisher (Hill Orc Fighter)             Turns: 2840, Time: 00:04:52

Health: -6/48      AC:  9    Str: 24    XL:     5   Next: 98%
Magic:  5/5        EV:  8    Int: 11    God:
Gold:   211        SH: 10    Dex: 11    Spells: 4/4 levels left

rFire    . . .     SeeInvis .   a - +0 war axe
rCold    . . .     Gourm    .   g - +0 swamp dragon scales
rNeg     . . .     Faith    .   c - +0 shield
rPois    +         Spirit   .   u - +0 helmet
rElec    .         Reflect  .   (no cloak)
rCorr    .         Harm     .   (no gloves)
MR       .....                  (no boots)
Stlth    +.........             (no amulet)
Regen    0.2/turn               (no ring)
MPRegen  0.1/turn               s - +3 ring of intelligence

@: mighty
A: no striking features
a: Convert to Beogh


You were on level 4 of the Dungeon.
You were hungry.

You visited 1 branch of the dungeon, and saw 4 of its levels.

You collected 211 gold pieces.

Inventory:

Hand Weapons
 a - a +0 war axe (weapon)
Armour
 c - a +0 shield (worn)
 g - +0 swamp dragon scales (worn)
 u - a +0 helmet (worn)
Jewellery
 b - a cursed -2 ring of slaying {unknown}
 s - a +3 ring of intelligence (left hand)
Scrolls
 e - 2 scrolls of remove curse {unknown}
 h - a scroll of recharging {unknown}
 j - 3 scrolls of teleportation {unknown}
 k - 3 scrolls of fear {unknown}
 l - a scroll of fog {unknown}
 n - 2 scrolls of identify {unknown}
 q - a scroll of blinking {unknown}
 t - a scroll of amnesia {unknown}
Potions
 d - 3 potions of might
 m - a potion of mutation {unknown}
 o - 2 potions of lignification {unknown}
 p - 2 potions of heal wounds {unknown}
 r - a potion of flight {unknown}
 v - a potion of brilliance {unknown}
Comestibles
 f - 6 bread rations
 i - 9 fruits


   Skills:
 + Level 5.3 Fighting
 + Level 4.1 Axes
 + Level 4.5 Armour
 + Level 4.3 Shields


You had 4 spell levels left.
You didn't know any spells.

Dungeon Overview and Level Annotations

Branches:
Dungeon (4/15)
 Temple: D:4-7

Altars:
Makhleb
Xom


Message History

You hit the orc but do no damage.
The orc priest shouts, "Join the one true god or die!"
The orc hits you but does no damage.
You hit the orc but do no damage.
The orc priest calls down the wrath of Beogh upon you.
Beogh smites you! The orc closely misses you.
The orc hits you with a flail of protection.
You are too injured to fight recklessly!
You are too injured to fight recklessly!
You feel very mighty all of a sudden.
The orc priest invokes the aid of Beogh against you.
Beogh smites you!
* * * LOW HITPOINT WARNING * * *
You barely miss the orc.
The orc hits you with a flail of protection.
* * * LOW HITPOINT WARNING * * *
The orc hits you but does no damage.
The orc priest calls down the wrath of Beogh upon you.
Beogh smites you!
You die...

###....>.......#.#..##
#.#
##.####...........##
#.# #..# ##.######.###
#.# #.## #.# #.# #..
#.# #.# #.# #.# ##.##
#.# #...##### #.#
#.#.....# #@#####.#..
#.<.###.# #..o)oo....
##### #.# #######....
#.# ! #.# #.# #.# #.#
..#


You could see an orc priest and 2 orcs.

Vanquished Creatures
  Jessica (D:2)
  2 adders (D:2)
  4 gnolls (D:3)
  A howler monkey skeleton (D:4)
  2 oozes
  3 worms
  2 dart slugs (D:1)
  3 leopard geckos
  6 orcs
  5 giant cockroaches
  11 goblins
  7 hobgoblins
  13 jackals
  2 quokkas (D:3)
  A ball python (D:1)
  11 bats
  4 frilled lizards (D:1)
  A jackal skeleton (D:4)
  7 kobolds
  14 rats
100 creatures vanquished.

Notes
Turn   | Place    | Note
-------+----------+-------------------------------------------
     0 | D:1      | Amciq the Hill Orc Fighter began the quest for the Orb.
     0 | D:1      | Reached XP level 1. HP: 19/19 MP: 1/1
    64 | D:1      | Reached XP level 2. HP: 23/27 MP: 2/2
   115 | D:1      | Reached skill level 4 in Fighting
   184 | D:1      | Reached XP level 3. HP: 33/33 MP: 3/3
   900 | D:1      | Reached XP level 4. HP: 36/41 MP: 4/4
   988 | D:2      | Found a burning altar of Makhleb.
   988 | D:2      | Found a shimmering altar of Xom.
  1724 | D:2      | Noticed Jessica
  1737 | D:2      | Killed Jessica
  1737 | D:2      | Reached XP level 5. HP: 31/47 MP: 5/5
  2022 | D:3      | Reached skill level 5 in Fighting
  2840 | D:4      | Killed from afar by an orc priest

Vault maps used:
D:1:      onia_arrival_larder, minmay_hexomino_u4
D:2:      gammafunk_temple_overflow_elements, first_bread, uniq_jessica

Skill      XL: |  1  2  3  4  5 |
---------------+----------------+-----
Axes           | 3 4 |  4.1
Fighting       | 4 5 |  5.3
Armour         | 4 |  4.5
Shields        | 4 |  4.3

Action                   |  1- 3 |  4- 6 || total
-------------------------+-------+-------++-------
Melee: War axe           |   142 |   186 ||   328
  Use: Potion            |       |     1 ||     1
  Eat: Chunk             |       |     6 ||     6
Armor: Scale mail        |    84 |    25 ||   109
       Swamp dragon scal |       |    54 ||    54
Dodge: Dodged            |    55 |    61 ||   116
Block: Shield            |    89 |   105 ||   194
